 Dungeon Crawl Stone Soup version 0.23-a0-395-gcf17ac6 (webtiles) character file.

945 Ijustatesigmund the Magician (level 8, -2/51 HPs)
             Began as a Gnoll Wizard on Nov 1, 2018.
             Was an Initiate of Cheibriados.
             Slain by Pikel
             ... wielding a +0 whip of electrocution
              (8 damage)
             ... on level 6 of the Dungeon.
             The game lasted 00:12:21 (5113 turns).

Ijustatesigmund the Magician (Gnoll Wizard)         Turns: 5113, Time: 00:12:22

Health: -2/51      AC:  7    Str: 12    XL:     8   Next: 13%
Magic:  19/19      EV: 13    Int: 22    God:    Cheibriados [......]
Gold:   176        SH:  5    Dex: 15    Spells: 16/22 levels left

rFire    . . .     SeeInvis .   e - +1 war axe (chop)
rCold    . . .     Gourm    +   c - +0 buckler
rNeg     . . .     Faith    .   a - +0 ring mail
rPois    .         Spirit   .   b - +1 hat
rElec    .         Reflect  .   n - +0 cloak
rCorr    .         Harm     .   (no gloves)
MR       .....                  (no boots)
Stlth    ++........             i - amulet of the gourmand
HPRegen  0.17/turn              (no ring)
MPRegen  0.16/turn              (no ring)

@: very slow
A: distributed training, fangs 1, frail 1, strong nose
a: Bend Time, Renounce Religion


You were on level 6 of the Dungeon.
You worshipped Cheibriados.
Cheibriados was noncommittal.
You were not hungry.

You visited 1 branch of the dungeon, and saw 6 of its levels.

You collected 176 gold pieces.

Inventory:

Hand Weapons
 e - a +1 war axe of chopping (weapon)
Armour
 a - a +0 ring mail (worn)
 b - a +1 hat (worn)
 c - a +0 buckler (worn)
 n - a +0 cloak (worn)
Jewellery
 i - an amulet of the gourmand (around neck)
Wands
 l - a wand of flame (6)
 q - a wand of digging (3)
 u - a wand of enslavement (11)
Scrolls
 f - 3 scrolls of teleportation
 j - 5 scrolls of remove curse
 k - 2 scrolls of enchant weapon
 p - a scroll of immolation
 r - a scroll of blinking
 t - a scroll of magic mapping
 v - a scroll of identify
Potions
 g - 2 potions of curing
 h - 2 potions of heal wounds
 m - a potion of brilliance
 o - a potion of lignification {unknown}
 s - a potion of might
Comestibles
 d - 12 rations


   Skills:
 + Level 2.9 Fighting
 + Level 2.9 Short Blades
 + Level 2.9 Long Blades
 + Level 2.9 Axes
 + Level 2.9 Maces & Flails
 + Level 2.9 Polearms
 + Level 2.9 Staves
 + Level 2.9 Slings
 + Level 2.9 Bows
 + Level 2.9 Crossbows
 + Level 2.9 Throwing
 + Level 2.9 Armour
 + Level 5.4 Dodging
 + Level 5.1 Stealth
 + Level 2.9 Shields
 + Level 2.9 Unarmed Combat
 + Level 7.8 Spellcasting
 + Level 3.2 Conjurations
 + Level 2.3 Hexes
 + Level 2.3 Charms
 + Level 3.2 Summonings
 + Level 2.3 Necromancy
 + Level 3.2 Translocations
 + Level 2.3 Transmutations
 + Level 2.3 Fire Magic
 + Level 2.3 Ice Magic
 + Level 2.3 Air Magic
 + Level 2.3 Earth Magic
 + Level 2.3 Poison Magic
 + Level 3.2 Invocations
 + Level 2.9 Evocations


You had 16 spell levels left.
You knew the following spells:

 Your Spells              Type           Power        Failure   Level  Hunger
a - Magic Dart            Conj           ###.         4%          1    None
b - Blink                 Tloc           N/A          8%          2    None
c - Conjure Flame         Conj/Fire      ###.....     19%         3    None

Your spell library contained the following spells:

 Spells                   Type           Power        Failure   Level  Hunger
 Call Imp                 Summ           ###.....     8%          2    None
 Slow                     Hex            ###.....     11%         2    None
 Mephitic Cloud           Conj/Pois/Air  ###.....     19%         3    None


Dungeon Overview and Level Annotations

Branches:
Dungeon (6/15)             Temple (0/1) D:5

Altars:
Cheibriados
Fedhas
Gozag
Nemelex Xobeh
Okawaru
Qazlal
Ru
Uskayaw
Vehumet

Annotations:
D:6 Pikel


Innate Abilities, Weirdness & Mutations

Your experience applies equally to all skills.
You have very sharp teeth.
Your uncanny sense of smell can sniff out nearby items.
You are frail. (-10% HP)


Message History

You slash Pikel!
Pikel is moderately wounded.
Pikel waves his whip at you. Pikel closely misses you.
You hit Pikel but do no damage.
Pikel is moderately wounded.
Pikel hits you with a +0 whip of electrocution!
Pikel barely misses you.
You hit Pikel.
Pikel is heavily wounded.
Pikel hits you but does no damage.
You are electrocuted!
You hit Pikel but do no damage.
Pikel is heavily wounded.
Pikel hits you but does no damage.
You are electrocuted!
* * * LOW HITPOINT WARNING * * *
Pikel cracks his whip.
Pikel hits you with a +0 whip of electrocution.
* * * LOW HITPOINT WARNING * * *
You are electrocuted!
You die...

###
#.. ∆
##.##
...#
#.K#
#@.#
#..#
#....
#.####
#..
###


You could see Pikel.

Vanquished Creatures
  3 phantoms
  2 centaurs (D:5)
  A bullfrog zombie (D:5)
  3 hounds
  An orc wizard (D:4)
  An orc priest (D:3)
  2 iguanas (D:4)
  2 worker ants
  Natasha (twice) (D:2)
  3 gnolls (D:4)
  7 adders
  An ooze (D:3)
  3 worms
  A dart slug (D:2)
  4 leopard geckos
  10 orcs
  8 bats
  4 giant cockroaches
  6 goblins
  8 hobgoblins
  3 jackals (D:3)
  9 kobolds
  4 ball pythons
  6 frilled lizards
  A leopard gecko skeleton (D:4)
  A quokka skeleton (D:5)
  2 rats (D:2)
98 creatures vanquished.

Vanquished Creatures (others)
  A goblin (D:1)
1 creature vanquished.

Grand Total: 99 creatures vanquished

Notes
Turn   | Place    | Note
-------+----------+-------------------------------------------
     0 | D:1      | Ijustatesigmund the Gnoll Wizard began the quest for the
                  | Orb.
     0 | D:1      | Reached XP level 1. HP: 13/13 MP: 8/8
   120 | D:1      | Reached XP level 2. HP: 7/19 MP: 2/10
   705 | D:1      | Learned a level 2 spell: Blink
  1093 | D:2      | Noticed Natasha
  1099 | D:2      | Killed Natasha
  1099 | D:2      | Reached skill level 1 in Invocations
  1099 | D:2      | Reached XP level 3. HP: 18/25 MP: 8/11
  1115 | D:2      | Noticed a phantom
  1141 | D:2      | Killed a phantom
  1141 | D:2      | Reached skill level 1 in Fighting
  1141 | D:2      | Reached skill level 1 in Short Blades
  1141 | D:2      | Reached skill level 1 in Long Blades
  1141 | D:2      | Reached skill level 1 in Axes
  1141 | D:2      | Reached skill level 1 in Maces & Flails
  1141 | D:2      | Reached skill level 1 in Polearms
  1141 | D:2      | Reached skill level 1 in Staves
  1141 | D:2      | Reached skill level 1 in Slings
  1141 | D:2      | Reached skill level 1 in Bows
  1141 | D:2      | Reached skill level 1 in Crossbows
  1141 | D:2      | Reached skill level 1 in Throwing
  1141 | D:2      | Reached skill level 1 in Armour
  1141 | D:2      | Reached skill level 1 in Shields
  1141 | D:2      | Reached skill level 1 in Unarmed Combat
  1141 | D:2      | Reached skill level 1 in Hexes
  1141 | D:2      | Reached skill level 1 in Charms
  1141 | D:2      | Reached skill level 1 in Necromancy
  1141 | D:2      | Reached skill level 1 in Transmutations
  1141 | D:2      | Reached skill level 1 in Fire Magic
  1141 | D:2      | Reached skill level 1 in Ice Magic
  1141 | D:2      | Reached skill level 1 in Air Magic
  1141 | D:2      | Reached skill level 1 in Earth Magic
  1141 | D:2      | Reached skill level 1 in Poison Magic
  1141 | D:2      | Reached skill level 1 in Evocations
  1141 | D:2      | Reached XP level 4. HP: 16/32 MP: 1/13
  1141 | D:2      | Reached XP level 5. HP: 19/37 MP: 1/14
  1396 | D:2      | Noticed a hand axe
  1396 | D:2      | Noticed a hand axe
  1444 | D:2      | Found a hide-covered altar of Uskayaw.
  1498 | D:2      | Found a stormy altar of Qazlal.
  1853 | D:2      | Noticed Natasha
  1857 | D:2      | Killed Natasha
  2091 | D:3      | Noticed a phantom
  2267 | D:3      | Killed a phantom
  2267 | D:3      | Reached XP level 6. HP: 22/44 MP: 9/16
  2428 | D:3      | Found a sacrificial altar of Ru.
  2442 | D:3      | Reached skill level 5 in Dodging
  2565 | D:3      | Found an iron altar of Okawaru.
  2632 | D:3      | Learned a level 3 spell: Conjure Flame
  2654 | D:3      | Gained mutation: You are frail. (-10% HP) [potion of
                  | mutation]
  2654 | D:3      | Gained mutation: You are very frail. (-20% HP) [potion of
                  | mutation]
  2654 | D:3      | Lost mutation: You are very frail. (-20% HP) [potion of
                  | mutation]
  3419 | D:4      | Reached XP level 7. HP: 30/45 MP: 14/18
  4564 | D:5      | Entered Level 5 of the Dungeon
  4567 | D:5      | Found an opulent altar of Gozag.
  4733 | D:5      | Reached skill level 5 in Stealth
  4955 | D:5      | Found a blossoming altar of Fedhas.
  4984 | D:5      | Found a radiant altar of Vehumet.
  4984 | D:5      | Found a sparkling altar of Nemelex Xobeh.
  4984 | D:5      | Found a snail-covered altar of Cheibriados.
  4990 | D:5      | Reached XP level 8. HP: 45/51 MP: 19/19
  4993 | D:5      | Became a worshipper of Cheibriados the Contemplative
  5100 | D:5      | Noticed Pikel
  5113 | D:6      | Slain by Pikel

Vault maps used:
D:1:      dpeg_arrival_more_subterranean_lakeside_camping, lemuel_flame_loot_1
D:2:      dancing_weapons_uskayaw, lemuel_round_altar, uniq_natasha
D:3:      lemuel_doored_altar, overflow_temple_1_default, minmay_snake_closets
D:4:      minmay_close_crescents
D:5:      wad_crossroads, gammafunk_temple_overflow_forgotten,
          old_standard_altar, kennysheep_mini_moat,
          minmay_temple_entry_glassed_door, first_ration, serial_park,
          uniq_pikel
D:6:      gup_ossuary_entry_pyramid, kennysheep_generic_room_7, uniq_duvessa

Skill      XL: |  1  2  3  4  5  6  7 |
---------------+----------------------+-----
Conjurations   | 2 3 |  3.2
Summonings     | 2 3 |  3.2
Translocations | 2 3 |  3.2
Invocations    | 1 2 3 |  3.2
Fighting       | 1 2 |  2.9
Short Blades   | 1 2 |  2.9
Long Blades    | 1 2 |  2.9
Axes           | 1 2 |  2.9
Maces & Flails | 1 2 |  2.9
Polearms       | 1 2 |  2.9
Staves         | 1 2 |  2.9
Slings         | 1 2 |  2.9
Bows           | 1 2 |  2.9
Crossbows      | 1 2 |  2.9
Throwing       | 1 2 |  2.9
Armour         | 1 2 |  2.9
Shields        | 1 2 |  2.9
Unarmed Combat | 1 2 |  2.9
Hexes          | 1 2 |  2.3
Charms         | 1 2 |  2.3
Necromancy     | 1 2 |  2.3
Transmutations | 1 2 |  2.3
Fire Magic     | 1 2 |  2.3
Ice Magic      | 1 2 |  2.3
Air Magic      | 1 2 |  2.3
Earth Magic    | 1 2 |  2.3
Poison Magic   | 1 2 |  2.3
Evocations     | 1 2 |  2.9
Dodging        | 5 |  5.4
Stealth        | 5 |  5.1
Spellcasting   | |  7.8

Action                   |  1- 3 |  4- 6 |  7- 9 || total
-------------------------+-------+-------+-------++-------
Melee: Club              |    15 |       |       ||    15
       Bite              |     2 |     8 |     7 ||    17
       Hand axe          |    12 |   123 |    45 ||   180
       War axe           |       |       |    36 ||    36
 Cast: Magic Dart        |    44 |   113 |    49 ||   206
Evoke: Wand              |       |     1 |       ||     1
  Use: Scroll            |     3 |     5 |     4 ||    12
       Potion            |       |     1 |     1 ||     2
 Stab: Sleeping          |       |     5 |     1 ||     6
  Eat: Chunk             |       |     8 |     8 ||    16
Armor: Robe              |     2 |     5 |       ||     7
       Leather armour    |       |    18 |       ||    18
       Ring mail         |       |     1 |    24 ||    25
Dodge: Dodged            |    18 |    95 |    53 ||   166
Block: Buckler           |     1 |    27 |    23 ||    51

Table legend:
 A = Non-vault XP
 B = Vault XP
 C = Vault XP percentage of total XP
 D = Non-vault monster count
 E = Vault monster count
 F = Vault count percentage of total count
                 A         B        C        D         E       F
            +---------+---------+-------+---------+---------+-------
      Total |    1178 |     172 |  12.7 |      84 |      14 |  14.3
            +---------+---------+-------+---------+---------+-------
        D:1 |      26 |       0 |   0.0 |      14 |       0 |   0.0
        D:2 |     195 |      35 |  15.2 |      19 |       1 |   5.0
        D:3 |     222 |      71 |  24.2 |      26 |       8 |  23.5
        D:4 |     333 |      53 |  13.7 |      16 |       4 |  20.0
        D:5 |     402 |      13 |   3.1 |       9 |       1 |  10.0
            +---------+---------+-------+---------+---------+-------
